 Dungeon Crawl Stone Soup version 0.31-a0-174-g85c54bcb58 (webtiles) character file.

Game seed: 13279855829265576720

126 qw the Chopper (level 5, -9/32 HPs)
             Began as a Gargoyle Fighter on June 15, 2023.
             Was an Initiate of Okawaru.
             Mangled by Terence
             ... wielding a +2 heavy morningstar
              (12 damage)
             ... on level 3 of the Dungeon.
             The game lasted 00:00:51 (1920 turns).

qw the Chopper (Gargoyle Fighter)                   Turns: 1920, Time: 00:00:52

Health: -9/32      AC: 12    Str: 21    XL:     5   Next: 10%
Magic:  5/5        EV:  9    Int:  9    God:    Okawaru [......]
Gold:   84         SH:  4    Dex:  9    Spells: 4/4 levels left

rFire   . . .        Y - +0 war axe
rCold   . . .        c - +0 buckler
rNeg    + . .        b - +0 scale mail
rPois   inf          g - +0 helmet
rElec   +            (no cloak)
rCorr   .            (no gloves)
SInv    .            (no boots)
Will    .....        (no amulet) Stlth
                     (no ring)
HPRegen 0.25/turn    (no ring)
MPRegen 0.09/turn

%: no passive effects
@: about to teleport
A: sickness immunity, AC +4, negative energy resistance 1, electricity
resistance, torment resistance 1, petrification resistance
a: Renounce Religion


You were on level 3 of the Dungeon.
You worshipped Okawaru.
Okawaru was noncommittal.
You visited 2 branches of the dungeon, and saw 5 of its levels.

You collected 84 gold pieces.


Innate Abilities, Weirdness & Mutations

You are immune to sickness and miasma.
Your stone body is resilient. (AC +4)
You are immune to poison.
You resist negative energy. (rN+)
You are resistant to electric shocks. (rElec)
You are resistant to unholy torment.
You are immune to petrification.


   Skills:
 - Level 3.2 Fighting
 + Level 4.6 Axes
 - Level 3.2 Armour
 - Level 3.2 Shields


You had 4 spell levels left.
You didn't know any spells.
Your spell library was empty.

Inventory:

Hand Weapons
 f - a +0 club
 Y - a +0 war axe (weapon)
Armour
 b - a +0 scale mail (worn)
 c - a +0 buckler (worn)
 g - a +0 helmet (worn)
Scrolls
 a - 2 scrolls of identify
 h - 2 scrolls of teleportation
Potions
 d - a potion of might
 j - a potion of invisibility {unknown}
 k - 2 potions of attraction

Dungeon Overview and Level Annotations

Branches:
Dungeon (4/15)             Temple (1/1) D:4

Altars:
Ashenzari
Elyvilon
Hepliaklqana
Makhleb
Nemelex Xobeh
Okawaru
Qazlal
Trog
Uskayaw
Xom
The Shining One

Annotations:
D:3 exclusion: 2 dart slugs, Terence
D:4 2 transporters, qw's ghost, amateur NaHu


Message History

The adder bites you but does no damage. x2
You miss the adder. The adder bites you but does no damage.
You slash the adder!
The adder is almost dead.
The adder barely misses you.
A dart slug comes into view.
The adder closely misses you.
Found a scale mail and 7 gold pieces.
The adder bites you. The adder bites you but does no damage.
The adder bites you but does no damage. The adder misses you.
The adder attacks as you move away! The adder barely misses you.
You hit the adder.
You kill the adder!
Okawaru accepts your kill.
Found a book of Power.
a - 2 scrolls of identify (gained 1)
Found an escape hatch in the ceiling.
Terence the Incautious comes into view.
He is wielding a +2 heavy morningstar and wearing a +0 scale mail of willpower.
Terence shouts!
Terence bares his teeth.
Terence says, "Don't bother to defend, it's pointless."
You slash Terence!
Terence is moderately wounded.
Terence hits you with a +2 heavy morningstar!!
Ouch! That really hurt!
You barely miss Terence.
Terence is moderately wounded.
Terence hits you with a +2 heavy morningstar!
1918 ||| READING 3 scrolls of teleportation.
As you read the scroll of teleportation, it crumbles to dust.
You feel strangely unstable.
You hit Terence but do no damage.
Terence is moderately wounded.
Terence closely misses you.
You hit Terence but do no damage.
Terence is moderately wounded.
Terence hits you with a +2 heavy morningstar!
You die...

#.....................#
#########.#..#.#..###.#
.............#....#
#########....#.##.#
.......#....#.# .#
.<..........#.# #
...###.#.#..#.##.#
#..:.........
###.#@@#.##. #.#....#
#.##....... #.# .......
..# ######. ###


You could see Terence.

Vanquished Creatures
  A phantom (D:4)
  An adder (D:3)
  4 ball pythons
  4 endoplasms
  3 giant cockroaches
  2 goblins
  6 hobgoblins
  3 jackals (D:1)
  6 kobolds
  A bat (D:1)
  4 rats
35 creatures vanquished.

Notes
Turn   | Place    | Note
-------+----------+-------------------------------------------
     0 | D:1      | qw the Gargoyle Fighter began the quest for the Orb.
     0 | D:1      | Reached XP level 1. HP: 14/14 MP: 1/1
     0 | D:1      | 0 ||| qw: Version: 0.2-a-29-g511e9b1
     0 | D:1      | 0 ||| qw: Game counter: 5488
     0 | D:1      | 0 ||| qw: Always use a shield: true
     0 | D:1      | 0 ||| qw: God list: Okawaru
     0 | D:1      | 0 ||| qw: Allow faded altars: false
     0 | D:1      | 0 ||| qw: Do Orc after D:15 true
     0 | D:1      | 0 ||| qw: Do second Lair branch before Depths: true
     0 | D:1      | 0 ||| qw: Lair rune preference: random
     0 | D:1      | 0 ||| qw: Plans: Normal, Zot:1-4, Slime:5, God:TSO, Crypt,
                  | Tomb, Abyss, Pan, Hells, Win
     0 | D:1      | 0 ||| PLANNING D:1-11
    60 | D:1      | Reached skill level 2 in Axes
   107 | D:1      | 107 ||| Stepping ~*~*~tactically~*~*~ (stealth).
   123 | D:1      | Reached XP level 2. HP: 19/19 MP: 2/2
   136 | D:1      | 136 ||| Stepping ~*~*~tactically~*~*~ (hiding).
   918 | D:1      | 918 ||| UPGRADING to +0 helmet.
   923 | D:1      | 923 ||| DROPPING +2 hat.
   924 | D:1      | 924 ||| READING 3 scrolls labelled XAERU CONUFO.
   925 | D:1      | 925 ||| READING 2 scrolls labelled VEQEMOI OSULA.
   929 | D:1      | 929 ||| READING scroll labelled WIGYGA MAEPODGHE.
   930 | D:1      | 930 ||| DRINKING 3 lumpy silvery potions.
   931 | D:1      | 931 ||| READING 2 scrolls of identify.
   931 | D:1      | 931 ||| IDENTIFYING grey potion
   932 | D:1      | 932 ||| DROPPING potion of ambrosia.
   968 | D:2      | Reached skill level 3 in Axes
   968 | D:2      | 968 ||| Stepping ~*~*~tactically~*~*~ (stealth).
  1029 | D:2      | Reached XP level 3. HP: 18/23 MP: 3/3
  1179 | D:2      | 1179 ||| Stepping ~*~*~tactically~*~*~ (stealth).
  1273 | D:2      | 1273 ||| Stepping ~*~*~tactically~*~*~ (stealth).
  1274 | D:2      | 1274 ||| Stepping ~*~*~tactically~*~*~ (stealth).
  1277 | D:2      | 1277 ||| Stepping ~*~*~tactically~*~*~ (stealth).
  1453 | D:2      | You fall into a shaft and drop 2 floors!
  1488 | D:4      | Found a transporter.
  1489 | D:4      | Noticed qw's ghost (amateur NaHu)
  1492 | D:4      | Noticed an ice beast
  1630 | D:4      | Found a transporter.
  1692 | D:4      | Found a staircase to the Ecumenical Temple.
  1693 | D:4      | 1693 ||| PLANNING TEMPLE
  1693 | D:4      | 1693 ||| READING 3 scrolls labelled DYSU ORGHAPOI.
  1694 | D:4      | 1694 ||| READING scroll labelled BIPTUT RUAHOU.
  1695 | D:4      | 1695 ||| DROPPING 2 scrolls of fear.
  1713 | Temple   | Entered the Ecumenical Temple
  1731 | Temple   | 1731 ||| PLANNING OKAWARU WORSHIP
  1764 | Temple   | Became a worshipper of Warmaster Okawaru
  1765 | Temple   | 1765 ||| PLANNING D:1-11
  1796 | D:4      | Noticed a phantom
  1808 | D:4      | Killed a phantom
  1809 | D:4      | Reached skill level 4 in Axes
  1809 | D:4      | Reached XP level 4. HP: 18/28 MP: 4/4
  1809 | D:4      | Reached XP level 5. HP: 21/32 MP: 5/5
  1863 | D:3      | 1863 ||| Stepping ~*~*~tactically~*~*~ (stealth).
  1910 | D:3      | Noticed Terence
  1917 | D:3      | HP: 2/32 [Terence/+2 heavy morningstar (9)]
  1918 | D:3      | 1918 ||| READING 3 scrolls of teleportation.
  1920 | D:3      | Mangled by Terence

Levels and vault maps discovered:
D:1:      lightli_arrival_statuegarden, layout_loops_corners
D:2:      layout_loops_corners, minmay_misc_feat_rows,
          minmay_misc_feat_more_columns, kennysheep_cluttered_room,
          minmay_misc_feat_hallway
D:3:      kennysheep_slugbush, layout_basic, nicolae_wu_jian_glorious_leap,
          serial_shops, nicolae_lakefront_shop, uniq_terence, uniq_natasha,
          uniq_grinder
D:4:      layout_loops_corners, grunt_temple_overflow_magic_moments,
          minmay_temple_entry_gardened_gates, gammafunk_ghost_arena
Temple:   nicolae_temple_ecumenical_triangle

Skill      XL: |  1  2  3 |
---------------+----------+-----
Axes           | 2 3 4 |  4.6
Fighting       | |  3.2
Armour         | |  3.2
Shields        | |  3.2

Action                     |  1- 3 |  4- 6 || total
---------------------------+-------+-------++-------
  Melee: War axe           |   114 |     8 ||   122
    Use: Scroll            |     6 |     1 ||     7
         Potion            |     1 |       ||     1
 Armour: Scale mail        |    53 |     5 ||    58
  Dodge: Dodged            |    52 |     5 ||    57
  Block: Buckler           |    22 |       ||    22

Table legend:
 A = Non-vault XP
 B = Vault XP
 C = Vault XP percentage of total XP
 D = Non-vault monster count
 E = Vault monster count
 F = Vault count percentage of total count
                 A         B        C        D         E       F
            +---------+---------+-------+---------+---------+-------
      Total |     181 |       0 |   0.0 |      35 |       0 |   0.0
            +---------+---------+-------+---------+---------+-------
        D:1 |      28 |       0 |   0.0 |      16 |       0 |   0.0
        D:2 |      25 |       0 |   0.0 |      15 |       0 |   0.0
        D:3 |      14 |       0 |   0.0 |       1 |       0 |   0.0
        D:4 |     114 |       0 |   0.0 |       3 |       0 |   0.0
            +---------+---------+-------+---------+---------+-------
